 Dungeon Crawl Stone Soup version 0.20.1-1-g8b1a95d (webtiles) character file.

193 vatarom the Gusty (level 5, 0/40 HPs)
             Began as a Draconian Air Elementalist on Oct 13, 2017.
             Killed by nerve-wracking pain
             ... invoked by Grinder
              (6 damage)
             ... on level 3 of the Dungeon.
             The game lasted 00:11:31 (3384 turns).

vatarom the Gusty (Draconian Air Elementalist)      Turns: 3384, Time: 00:11:32

Health: 0/40       AC:  5    Str: 10    XL:     5   Next: 44%
Magic:  1/9        EV: 12    Int: 17    God:
Gold:   149        SH:  0    Dex: 11    Spells: 3/9 levels left

rFire    . . .     SeeInvis .   d - -2 spear
rCold    . . .     Gourm    .   (no shield)
rNeg     . . .     Faith    .   (armour unavailable)
rPois    .         Spirit   .   (helmet restricted)
rElec    .         Reflect  .   (no cloak)
rCorr    .         Harm     .   (no gloves)
MR       .....                  (no boots)
Stlth    ++........             (no amulet)
Regen    0.2/turn               e - ring of flight
MPRegen  0.2/turn               (no ring)

@: no status effects
A: unfitting armour, cold-blooded, AC +5
a: Evoke Flight


You were on level 3 of the Dungeon.
You were full.

You visited 1 branch of the dungeon, and saw 3 of its levels.

You collected 149 gold pieces.

Inventory:

Hand Weapons
 d - a -2 spear (weapon)
 g - a +0 hunting sling
Missiles
 i - 74 stones (quivered)
Jewellery
 e - a ring of flight (left hand)
Potions
 f - a potion of brilliance
 j - a potion of invisibility
Books
 a - a book of Air

   Spells                             Type                      Level
   a - Shock                          Conjuration/Air              1
   b - Swiftness                      Charms/Air                   2
   c - Static Discharge               Conjuration/Air              3
   d - Airstrike                      Air                          4
   e - Lightning Bolt                 Conjuration/Air              5
Comestibles
 b - 6 bread rations
 k - a meat ration
 l - 4 fruits


   Skills:
 + Level 1.4 Fighting
 - Level 1.8 Dodging
 - Level 1.9 Stealth
 + Level 2.9 Spellcasting
 * Level 3.2 Conjurations
 + Level 4.2 Air Magic


You had 3 spell levels left.
You knew the following spells:

 Your Spells              Type           Power        Failure   Level  Hunger
a - Shock                 Conj/Air       ###.         3%          1    #......
b - Swiftness             Chrm/Air       #.......     11%         2    ##.....
c - Static Discharge      Conj/Air       ###.....     12%         3    ###....


Dungeon Overview and Level Annotations

Branches:
Dungeon (3/15)

Altars:

Annotations:
D:3 Grinder


Innate Abilities, Weirdness & Mutations

Your plain brown scales are hard. (AC +5)
You cannot fit into any form of body armour.
You are cold-blooded and may be slowed by cold attacks.


Message History

Grinder gestures at you. Pain shoots through your body!
Casting: Shock
Confirm with . or Enter, or press ? or * to list all spells.
Grinder is struck by lightning.
Grinder is severely wounded.
The lightning arcs!
You are struck by lightning.
The lightning grounds out.
Grinder gestures at you.
You suddenly lose the ability to move!
Grinder hits you but does no damage. Grinder barely misses you.
You can move again.
Grinder gestures at you. Pain shoots through your body!
* * * LOW HITPOINT WARNING * * *
Grinder blinks!
Grinder blinks!
Grinder gestures at you. Pain shoots through your body!
You die...

##...........#.## ##.....#.#
##........#.....# #....>...#
##........#.#†)†###........#
..........###....)...>.....#
.##......##############..#.#
..##....##...≈†≈≈≈≈≈.≈#..#.#
...######....###########.#.#
..................5# #.#.#
............§...@..#####<#.######
.................................
........#....§....######...######
.......###...#...## ###.#
*.....#* ######### #.# *#####*
###


You could see Grinder.

Vanquished Creatures
  Terence (D:3)
  A worker ant (D:3)
  7 adders
  4 worms (D:2)
  2 dart slugs (D:1)
  An orc (D:3)
  16 giant cockroaches
  5 goblins
  4 hobgoblins
  3 jackals (D:2)
  7 kobolds
  4 bats
  7 frilled lizards
  4 rats
66 creatures vanquished.

Notes
Turn   | Place    | Note
-------+----------+-------------------------------------------
     0 | D:1      | vatarom the Draconian Air Elementalist began the quest for the Orb.
     0 | D:1      | Reached XP level 1. HP: 14/14 MP: 3/3
   621 | D:1      | Reached XP level 2. HP: 20/20 MP: 3/5
   647 | D:1      | Learned a level 2 spell: Swiftness
  1379 | D:2      | Reached XP level 3. HP: 22/26 MP: 0/6
  1424 | D:2      | Learned a level 3 spell: Static Discharge
  2340 | D:2      | Reached XP level 4. HP: 28/34 MP: 0/7
  2482 | D:2      | Reached skill level 4 in Air Magic
  2679 | D:3      | Noticed Terence
  2722 | D:3      | Killed Terence
  2722 | D:3      | Reached skill level 1 in Fighting
  2881 | D:3      | Reached XP level 5. HP: 38/40 MP: 3/9
  3243 | D:3      | Noticed Grinder
  3250 | D:3      | Paralysed by Grinder for 3 turns
  3377 | D:3      | Paralysed by Grinder for 3 turns
  3384 | D:3      | Killed from afar by Grinder

Skill      XL: |  1  2  3  4  5 |
---------------+----------------+-----
Conjurations   | 2 3 |  3.2
Air Magic      | 4 |  4.2
Fighting       | 1 |  1.4
Dodging        | |  1.8
Stealth        | |  1.9
Spellcasting   | |  2.9

Action                   |  1- 3 |  4- 6 || total
-------------------------+-------+-------++-------
Melee: Unarmed           |    20 |       ||    20
       Spear             |    42 |    52 ||    94
       Tailslap          |     3 |     7 ||    10
Throw: Stone             |     7 |       ||     7
 Cast: Shock             |    76 |    59 ||   135
       Static Discharge  |     3 |     6 ||     9
       Swiftness         |       |     1 ||     1
  Use: Scroll            |     5 |     5 ||    10
       Potion            |     3 |     4 ||     7
  Eat: Chunk             |     5 |       ||     5
       Bread ration      |       |     1 ||     1
       Meat ration       |       |     1 ||     1
Armor: Skin              |    21 |    28 ||    49
Dodge: Dodged            |    55 |    56 ||   111
